 Dungeon Crawl Stone Soup version 0.17-a0-2127-g1cb09f6 (webtiles) character file.

1364 Ordine the Basher (level 8, -1/78 HPs)
             Began as an Ogre Berserker on Oct 23, 2015.
             Was an Elder of Trog.
             Slain by a gnoll
             ... wielding a +0 whip
              (9 damage)
             ... on level 6 of the Dungeon.
             The game lasted 00:21:16 (6437 turns).

Ordine the Basher (Ogre Berserker)                  Turns: 6437, Time: 00:21:17

Health: -1/78      AC:  4    Str: 25    XL:     8   Next: 64%
Magic:  8/8        EV: 10    Int:  6    God:    Trog [****..]
Gold:   216        SH:  0    Dex:  9    Spells: 0 memorised, 7 levels left

rFire  + . .     SeeInvis .     g - +0 morningstar
rCold  . . .     Clarity  .     b - +0 animal skin
rNeg   . . .     SustAt   .     (no shield)
rPois  .         Gourm    .     (helmet restricted)
rElec  .         Spirit   .     p - +0 cloak
rCorr  .         Warding  .     (gloves unavailable)
rMut   .         Stasis   .     (boots unavailable)
MR     ++...                    (no amulet)
Stlth  +.........               (no ring)
                                q - ring of protection from fire

@: exhausted, regenerating, slowed, drained, very slow, very resistant to
hostile enchantments, very unstealthy
A: unfitting armour, tough skin 1
a: Berserk, Trog's Hand, Brothers in Arms, Burn Spellbooks, Renounce Religion


You were on level 6 of the Dungeon.
You worshipped Trog.
Trog was greatly pleased with you.
You were very hungry.

You visited 1 branch of the dungeon, and saw 6 of its levels.

You collected 216 gold pieces.

Inventory:

Hand Weapons
 g - a +0 morningstar (weapon)
 h - a +0 giant spiked club
Missiles
 e - 14 tomahawks (quivered)
 j - 96 stones
Armour
 b - a +0 animal skin (worn)
 p - a +0 cloak (worn)
Jewellery
 l - an uncursed amulet of stasis
 q - a ring of protection from fire (left hand)
 t - an uncursed ring of teleportation
Scrolls
 n - 4 scrolls of teleportation
 o - 2 scrolls of identify
 r - a scroll of enchant weapon
Potions
 k - a potion of flight
 m - a potion of curing
 s - a potion of haste
Comestibles
 a - a chunk of flesh
 c - 4 bread rations
 d - 2 slices of pizza
 f - a beef jerky


   Skills:
 - Level 4.0(3.3) Fighting
 * Level 12.1(11.3) Maces & Flails
 + Level 4.6(3.9) Throwing
 - Level 2.6(2.0) Dodging


You had 7 spell levels left.
You didn't know any spells.

Dungeon Overview and Level Annotations

Branches:
Dungeon (6/15)             Temple (0/1) D:6

Altars:
Ashenzari
Cheibriados
Fedhas
Gozag
Trog
Yredelemnul
Zin

Shops:
D:4 *

Annotations:
D:4 iron grate


Innate Abilities, Weirdness & Mutations

You are too large for most types of armour.
You have tough skin (AC +1).


Message History

Trog accepts your kill.
You puncture the gnoll!
The gnoll is severely wounded.
The gnoll hits you with a whip!
* * * LOW HITPOINT WARNING * * *
You barely miss the gnoll.
The gnoll is severely wounded.
You feel the effects of Trog's Hand fading.
You are no longer berserk.
You are exhausted.
You feel yourself slow down.
You are feeling very hungry.
The gnoll sergeant barely misses you.
Drink which item? (? for menu, Esc to quit)
You feel better. The gnoll hits you with a whip!
* * * LOW HITPOINT WARNING * * *
The gnoll sergeant hits you from afar with a trident.
* * * LOW HITPOINT WARNING * * *
The gnoll hits you with a whip!
You die...

....#.....>#,***,#.#***
..#....##...,,,,.#z#
.##.......#*,**,...*
....#.#...#..**#z.**
..#.#.#.#,..###..**
..#!#...#*..##S.**
..#..##.##..##.#*
..##........##z####
..##.#.......gzg@.#
..##.#......##g##.#
............#...#.#
#.####......###.#.# #.#
#.......#_+.#.## #.#
#.#.....#####..# #.#
#.###...#<# ##.## #.###.#
#...#.# ##..###
#.##<.###..?..###.....###


You could see a gnoll sergeant, 2 wights and 2 gnolls.

Vanquished Creatures
  The ghost of Clownie the Covert, a novice OpAs of Dithmenos (D:5)
  A necrophage (D:5)
  An ogre (D:4)
  A centaur (D:5)
  A killer bee (D:4)
  A scorpion (D:5)
  A wight (D:6)
  A centaur zombie (D:5)
  4 hounds
  2 jellies (D:5)
  4 orc priests
  An iguana (D:4)
  3 orc wizards
  3 worker ants
  A hound skeleton (D:4)
  8 adders
  4 gnolls
  2 worms
  7 orcs
  9 bats
  4 giant cockroaches
  9 goblins
  6 hobgoblins
  9 jackals
  6 kobolds
  4 quokkas
  3 ball pythons
  A giant gecko skeleton (D:5)
  9 giant newts
  7 rats
114 creatures vanquished.

Notes
Turn   | Place    | Note
--------------------------------------------------------------
     0 | D:1      | Ordine the Ogre Berserker began the quest for the Orb.
     0 | D:1      | Reached XP level 1. HP: 24/24 MP: 1/1
   242 | D:1      | Reached skill level 1 in Throwing
   242 | D:1      | Reached XP level 2. HP: 32/32 MP: 2/2
   646 | D:2      | Reached ** piety under Trog
   646 | D:2      | Reached XP level 3. HP: 25/39 MP: 3/3
   980 | D:2      | Reached skill level 5 in Maces & Flails
  1525 | D:3      | Reached XP level 4. HP: 48/48 MP: 4/4
  2046 | D:3      | Found a bloodstained altar of Trog.
  2286 | D:3      | Found a basalt altar of Yredelemnul.
  2286 | D:3      | Found a shattered altar of Ashenzari.
  2486 | D:4      | Reached skill level 6 in Maces & Flails
  2486 | D:4      | Reached XP level 5. HP: 46/54 MP: 5/5
  2896 | D:4      | Found Eugheuk's Eclectic Emporium.
  2897 | D:4      | Noticed an ogre
  2907 | D:4      | Killed an ogre
  2907 | D:4      | Reached skill level 7 in Maces & Flails
  2907 | D:4      | Reached XP level 6. HP: 40/62 MP: 6/6
  3048 | D:4      | Reached *** piety under Trog
  3175 | D:4      | Found a snail-covered altar of Cheibriados.
  3487 | D:4      | Found a glowing silver altar of Zin.
  3668 | D:4      | Reached skill level 8 in Maces & Flails
  3668 | D:4      | Reached XP level 7. HP: 66/70 MP: 7/7
  3944 | D:5      | Entered Level 5 of the Dungeon
  3964 | D:5      | Found a blossoming altar of Fedhas.
  3974 | D:5      | HP: 2/70 [centaur/arrow (5)]
  4431 | D:5      | Reached skill level 9 in Maces & Flails
  4823 | D:5      | Noticed Clownie's ghost (novice OpAs)
  4847 | D:5      | Killed Clownie's ghost
  4847 | D:5      | Reached skill level 10 in Maces & Flails
  4847 | D:5      | Reached XP level 8. HP: 78/78 MP: 8/8
  4854 | D:5      | Reached skill level 11 in Maces & Flails
  5887 | D:5      | Found an opulent altar of Gozag.
  5970 | D:5      | Reached **** piety under Trog
  6346 | D:6      | Reached skill level 12 in Maces & Flails
  6437 | D:6      | Slain by a gnoll

Vault maps used:
D:1:      lightli_arrival_lavapool, minmay_statues_item, item_on_display_a
D:2:      minmay_door_path
D:3:      bloody_trog, amethyst_overflow_temple_binary, corexii_hall_statues_i
D:4:      minmay_thick_lines, zin_scriptorium, kennysheep_mini_moat,
          st_stairs_14, nicolae_alphabet_shops
D:5:      lemuel_coloured_pillars_altar, fedhas_bush_and_centaur_altar,
          first_bread
D:6:      kennysheep_mini, okawaru_ov_weapons_minmay, temple_fountains

Action                   |  1- 3 |  4- 6 |  7- 9 || total
-------------------------+-------+-------+-------++-------
Melee: Mace              |   114 |   137 |   150 ||   401
       Morningstar       |       |       |    32 ||    32
Throw: Tomahawk          |       |     4 |       ||     4
Invok: Burn Spellbooks   |       |       |     1 ||     1
       Berserk           |       |       |     1 ||     1
       Trog's Hand       |       |       |     1 ||     1
  Use: Scroll            |     6 |     6 |     7 ||    19
       Potion            |       |     1 |     5 ||     6
 Stab: Sleeping          |     1 |       |       ||     1
  Eat: Chunk             |     2 |     5 |     9 ||    16
       Beef jerky        |       |     1 |       ||     1
